 Dungeon Crawl Stone Soup version 0.19-a0-1907-gcff654f (webtiles) character file.

6477 Lochraine the Archer (level 10, -2/90 HPs)
             Began as a Centaur Hunter on Oct 21, 2016.
             Was a Believer of Fedhas.
             Slain by a hornet (7 damage)
             ... on level 10 of the Dungeon.
             The game lasted 00:38:55 (12667 turns).

Lochraine the Archer (Centaur Hunter)              Turns: 12667, Time: 00:38:57

Health: -2/90      AC:  5    Str: 15    XL:     10   Next: 68%
Magic:  10/10      EV: 13    Int: 15    God:    Fedhas [**....]
Gold:   485        SH:  0    Dex: 13    Spells: 0 memorised, 9 levels left

rFire  + . .     SeeInvis .     a - +2 shortbow
rCold  . . .     Gourm    .     c - +1 leather armour
rNeg   . . .     Faith    .     (shield currently unavailable)
rPois  .         Spirit   .     (no helmet)
rElec  .         Reflect  .     (no cloak)
rCorr  .         Harm     .     (no gloves)
MR     .....                    (no barding)
Stlth  +.........               (no amulet)
                                l - ring of protection from fire
                                t - ring of wizardry

@: brilliant, very slightly contaminated, slowed, invisible
A: hooves 3, deformed body, speed 2, tough skin 3
a: Fungal Bloom, Evolution, Sunlight, Renounce Religion


You were on level 10 of the Dungeon.
You worshipped Fedhas.
Fedhas was pleased with you.
You were hungry.

You visited 1 branch of the dungeon, and saw 10 of its levels.

You collected 485 gold pieces.

Inventory:

Hand Weapons
 a - a +2 shortbow (weapon)
 b - a +3 scimitar of freezing
 L - a +0 spear
Missiles
 d - 94 arrows (quivered)
Armour
 c - a +1 leather armour (worn)
Jewellery
 l - a ring of protection from fire (right hand)
 t - a ring of wizardry (left hand)
 w - an uncursed amulet of faith
Wands
 v - a wand of digging (16/24)
 D - a wand of confusion (17/48)
 M - a wand of slowing (48/48)
 N - a wand of slowing (23/48)
Scrolls
 g - 6 scrolls of identify
 h - 6 scrolls of remove curse
 j - 2 scrolls of enchant armour
 n - a scroll of noise
 q - 2 scrolls of amnesia
 u - 4 scrolls of teleportation
 y - a scroll of recharging
 z - a scroll of enchant weapon
 G - a scroll of brand weapon {unknown}
 K - a scroll of fear {unknown}
Potions
 i - a potion of beneficial mutation {unknown}
 o - a potion of flight {unknown}
 r - a potion of curing
 s - a potion of cure mutation {unknown}
 A - a potion of brilliance
 B - 2 potions of lignification {unknown}
 H - a potion of ambrosia {unknown}
Miscellaneous
 C - a disc of storms
Comestibles
 f - 5 bread rations
 m - 7 meat rations
 p - 5 beef jerkies
 F - 7 slices of pizza


   Skills:
 - Level 8.7 Fighting
 + Level 2.4 Long Blades
 - Level 14.0 Bows
 + Level 6.9 Dodging
 - Level 0.4 Stealth


You had 9 spell levels left.
You didn't know any spells.

Dungeon Overview and Level Annotations

Branches:
Dungeon (10/15)            Temple (0/1) D:5            Lair (0/6) D:10
    Orc (0/2) D:9

Altars:
Fedhas
Trog
Uskayaw
Yredelemnul
The Shining One

Shops:
D:6 (   D:8 [


Innate Abilities, Weirdness & Mutations

You have hooves in place of feet.
Armour fits poorly on your strangely shaped body.
You cover ground very quickly.
You have extremely tough skin. (AC +3)


Message History

Aim: a hornet (severely wounded)
You shoot an arrow.
The arrow hits the hornet but does no damage.
The hornet is severely wounded.
Firing (i - inventory):
d - 95 arrows (quivered)
Press: ? - help, Shift-Dir - straight line, f/p - hornet
Aim: a hornet (severely wounded)
You shoot an arrow. The arrow hits the hornet.
The hornet is almost dead.
The hornet stings you!
* * * LOW HITPOINT WARNING * * *
You feel yourself slow down.
It was a potion of brilliance.
You feel clever all of a sudden. The hornet stings you.
* * * LOW HITPOINT WARNING * * *
You feel as though you will be slow longer.
The hornet stings you!
You die...
Fedhas appreciates your contribution to the ecosystem.

##.## *,* ***......##.##..##.
####)..###.#***###..##.###.#..##.
............,,,,...$..........#..
####...##.##,,,**#.###.#.........
##.##*,,,,,,*###.##(#..#####..
#.####**,,,##........## ##(
#....# ****#.(.......# #. ####.#
#y.###..#.#######. #.# #@.#
#............ #.# #..#
#.##...###### #.#######..#
#..........# #..........#
####.#.###.# ##########.# #.#.#
*,* #># #.#.# #,* #.# #>#.# #.*
#.#****#.#.# #.## #..,,,,..#.#
#...


You could see a hornet.

Vanquished Creatures
  A troll (D:9)
  Grinder (D:6)
  Prince Ribbit (D:6)
  A hippogriff (D:10)
  7 yaks
  Eustachio (D:6)
  3 hogs (D:8)
  A human (D:8)
  A warg (D:9)
  Menkaure (D:7)
  Edmund (D:6)
  A water moccasin (D:5)
  3 orc warriors
  A black bear (D:8)
  An ice beast (D:9)
  A phantom (D:9)
  7 ogres
  4 centaurs
  A crocodile (D:10)
  2 big kobolds
  2 bullfrogs
  A wyvern zombie (D:7)
  A scorpion (D:9)
  4 killer bees (D:8)
  4 wights (D:9)
  A howler monkey (D:9)
  A crimson imp (D:7)
  A bullfrog zombie (D:8)
  5 hounds
  7 orc priests
  A centaur skeleton (D:6)
  2 bullfrog skeletons (D:4)
  2 iguanas
  6 orc wizards
  9 worker ants
  A hound skeleton (D:5)
  2 gnolls (D:3)
  10 adders
  3 river rats (D:10)
  2 shadow imps
  2 adder zombies (D:5)
  2 adder skeletons (D:7)
  7 worms
  2 dart slugs
  2 leopard geckos
  28 orcs
  3 ball pythons
  5 goblins
  7 hobgoblins
  17 jackals
  12 kobolds
  4 quokkas
  16 bats
  7 frilled lizards
  A goblin zombie (D:6)
  A leopard gecko zombie (D:5)
  A quokka skeleton (D:4)
  A quokka zombie (D:6)
  17 rats
240 creatures vanquished.

Vanquished Creatures (collateral kills)
  A wight (D:9)
1 creature vanquished.

Vanquished Creatures (others)
  A wandering mushroom (D:9)
  A fungus (D:10)
  88 toadstools
90 creatures vanquished.

Grand Total: 331 creatures vanquished

Notes
Turn   | Place    | Note
-------+----------+-------------------------------------------
     0 | D:1      | Lochraine the Centaur Hunter began the quest for the Orb.
     0 | D:1      | Reached XP level 1. HP: 17/17 MP: 1/1
   151 | D:1      | Reached XP level 2. HP: 23/24 MP: 2/2
   332 | D:1      | Reached skill level 6 in Bows
   596 | D:2      | Reached XP level 3. HP: 30/30 MP: 3/3
  1803 | D:3      | Reached XP level 4. HP: 37/37 MP: 4/4
  2184 | D:3      | Reached skill level 7 in Bows
  2184 | D:3      | Reached XP level 5. HP: 45/45 MP: 5/5
  2521 | D:3      | HP: 1/45 [gnoll/halberd (4)]
  3916 | D:4      | Reached skill level 8 in Bows
  3916 | D:4      | Reached XP level 6. HP: 35/51 MP: 6/6
  5029 | D:5      | Entered Level 5 of the Dungeon
  5250 | D:5      | Reached XP level 7. HP: 58/59 MP: 7/7
  5455 | D:5      | Reached skill level 9 in Bows
  5538 | D:5      | Found a bloodstained altar of Trog.
  5595 | D:5      | Found a hide-covered altar of Uskayaw.
  5598 | D:5      | Found a blossoming altar of Fedhas.
  5600 | D:5      | Found a glowing golden altar of the Shining One.
  5605 | D:5      | Became a worshipper of Fedhas Madash
  5890 | D:5      | Found a staircase to the Ecumenical Temple.
  6293 | D:6      | Noticed Grinder
  6314 | D:6      | Paralysed by Grinder for 3 turns
  6320 | D:6      | Killed Grinder
  6320 | D:6      | Reached skill level 5 in Fighting
  6320 | D:6      | Reached skill level 10 in Bows
  6320 | D:6      | Reached XP level 8. HP: 38/68 MP: 8/8
  6485 | D:6      | Noticed Prince Ribbit
  6549 | D:6      | Killed Prince Ribbit
  6605 | D:6      | Found a sand-covered staircase.
  6625 | D:6      | Found a basalt altar of Yredelemnul.
  6631 | D:6      | Found Sedeomp's Weapon Shoppe.
  6664 | D:6      | Noticed Edmund
  6676 | D:6      | Killed Edmund
  6676 | D:6      | Reached skill level 11 in Bows
  6847 | D:6      | Noticed Eustachio
  6884 | D:6      | Killed Eustachio
  7498 | D:7      | Noticed Menkaure
  7551 | D:7      | Found a glowing golden altar of the Shining One.
  7583 | D:7      | Killed Menkaure
  7685 | D:7      | Reached XP level 9. HP: 62/77 MP: 9/9
  7697 | D:7      | Reached skill level 12 in Bows
  7742 | D:7      | You fall through a shaft!
  7817 | D:8      | You fall through a shaft for 2 floors!
  7817 | D:10     | Entered Level 10 of the Dungeon
  8431 | D:8      | Found Afapen's Antique Armour Shoppe.
  8803 | D:8      | Reached skill level 13 in Bows
  8803 | D:8      | Reached skill level 5 in Dodging
  9692 | D:9      | Reached * piety under Fedhas
 10080 | D:9      | Reached XP level 10. HP: 86/86 MP: 10/10
 10143 | D:9      | Found a staircase to the Orcish Mines.
 10172 | D:9      | Reached skill level 14 in Bows
 11989 | D:10     | Reached skill level 1 in Long Blades
 11996 | D:10     | Reached ** piety under Fedhas
 12657 | D:10     | Paralysed by a hornet for 1 turns
 12667 | D:10     | Slain by a hornet

Vault maps used:
D:1:      minmay_arrival_doors
D:2:      first_bread
D:3:      lemuel_castle_with_subvaults
D:5:      grunt_temple_overflow_open, bloody_trog
D:6:      old_standard_altar, serial_shops, shop, enter_ossuary_4,
          uniq_eustachio, uniq_edmund, uniq_prince_ribbit1, uniq_grinder
D:7:      nicolae_tso_swordbearing_angel, uniq_menkaure
D:8:      serial_shops, shop, grunt_livestock
D:9:      erik_orc_4
D:10:     grunt_lair_entry_orc_guard_hut

Skill      XL: |  1  2  3  4  5  6  7  8  9 10 |
---------------+-------------------------------+-----
Bows           | 6 7 8 10 11 13 14 | 14.0
Dodging        | 2 3 4 5 6 |  6.9
Fighting       | 3 4 5 6 7 8 |  8.7
Long Blades    | 2 |  2.4
Stealth        | |  0.4

Action                   |  1- 3 |  4- 6 |  7- 9 | 10-12 || total
-------------------------+-------+-------+-------+-------++-------
Melee: Spear             |       |    13 |       |       ||    13
       Kick              |       |     4 |       |    21 ||    25
       Scimitar          |       |       |       |    57 ||    57
 Fire: Shortbow          |   138 |   208 |   469 |   295 ||  1110
Invok: Fungal Bloom      |       |       |    14 |    14 ||    28
       Evolution         |       |       |       |     1 ||     1
  Use: Scroll            |       |     7 |     2 |     6 ||    15
       Potion            |       |     1 |       |     4 ||     5
 Stab: Invisible         |       |     3 |       |       ||     3
  Eat: Chunk             |     1 |    10 |    10 |     5 ||    26
       Royal jelly       |       |       |       |     1 ||     1
Armor: Leather armour    |     7 |    25 |    26 |    25 ||    83
Dodge: Dodged            |    16 |    53 |    82 |    91 ||   242
       Rpst.: Scimitar   |       |       |       |    28 ||    28
